 Dungeon Crawl Stone Soup version 0.28-a0-1567-g1695149f81 (webtiles) character file.

Game seed: 11687600478681255781

164 lonewolfV2 the Covered (level 5, 0/46 HPs)
             Began as a Minotaur Fighter on Jan 19, 2022.
             Slain by Ijyb (3 damage)
             ... on level 3 of the Dungeon.
             The game lasted 00:03:00 (1592 turns).

lonewolfV2 the Covered (Minotaur Fighter)           Turns: 1592, Time: 00:03:02

Health: 0/46       AC:  7    Str: 23    XL:     5   Next: 21%
Magic:  4/4        EV:  9    Int:  5    God:
Gold:   76         SH:  4    Dex:  9    Spells: 4/4 levels left

rFire   . . .      SeeInvis .   a - +0 war axe
rCold   . . .      Faith    .   c - +0 buckler
rNeg    . . .      Spirit   .   b - +0 scale mail
rPois   .          Reflect  .   (helmet restricted)
rElec   .          Harm     .   (no cloak)
rCorr   .          Rampage  .   (no gloves)
Will    .....                   (no boots)
Stlth   ..........              (no amulet)
HPRegen 0.15/turn               (no ring)
MPRegen 0.09/turn               (no ring)

@: no status effects
A: horns 2, retaliatory headbutt
a: no special abilities


You were on level 3 of the Dungeon.
You visited 1 branch of the dungeon, and saw 3 of its levels.

You collected 76 gold pieces.

Inventory:

Hand Weapons
 a - a +0 war axe (weapon)
Armour
 b - a +0 scale mail (worn)
 c - a +0 buckler (worn)
Scrolls
 h - a scroll of teleportation
Potions
 d - a potion of might
 f - 2 potions of flight
 i - a potion of haste {unknown}


   Skills:
 + Level 4.3 Fighting
 + Level 4.2 Axes
 + Level 4.9 Armour
 + Level 1.2 Dodging
 + Level 4.4 Shields


You had 4 spell levels left.
You didn't know any spells.
Your spell library was empty.

Dungeon Overview and Level Annotations

Branches:
Dungeon (3/15)

Altars:
Cheibriados

Annotations:
D:3 2 transporters, Ijyb


Innate Abilities, Weirdness & Mutations

You have a pair of horns on your head.
You reflexively headbutt those who attack you in melee.


Message History

You slash the scorpion!
You kill the scorpion!
You feel sick.
Ijyb zaps a wand.
The mass of ice explodes!
The iceblast engulfs you!
* * * LOW HITPOINT WARNING * * *
Your Axes skill increases to level 4!
You have reached level 5!
You feel better.
Ijyb zaps a wand.
The mass of ice explodes!
The iceblast engulfs you!
* * * LOW HITPOINT WARNING * * *
You feel better.
Ijyb zaps a wand.
The mass of ice explodes!
The iceblast engulfs you but does no damage.
Ijyb hits you with a +0 club.
* * * LOW HITPOINT WARNING * * *
You hit Ijyb but do no damage. You block Ijyb's attack. Ijyb misses you.
You furiously retaliate!
You headbutt Ijyb! You hit Ijyb.
Ijyb is moderately wounded.
Ijyb hits you with a +0 club.
* * * LOW HITPOINT WARNING * * *
You slash Ijyb!
Ijyb is severely wounded.
You block Ijyb's attack.
You barely miss Ijyb.
Ijyb is severely wounded.
Ijyb hits you with a +0 club.
* * * LOW HITPOINT WARNING * * *
Ijyb hits you with a +0 club.
* * * LOW HITPOINT WARNING * * *
You hit Ijyb.
Ijyb is severely wounded.
Ijyb hits you but does no damage.
You barely miss Ijyb. You headbutt Ijyb.
Ijyb is almost dead.
Ijyb hits you with a +0 club.
* * * LOW HITPOINT WARNING * * *
You closely miss Ijyb.
Ijyb is almost dead.
Ijyb hits you with a +0 club.
You die...

......#*******,*,,,,,* ##.##.#
*,*,***,# ...##.##### *,,,* *.#
#.........# ***,**#.* ##.##.....#
*,,..,* Y#.##.....# ###.***
O#.##)....# #..,* .#.##.†...#
#g#** ©#.####.########@### .#.#
#.#..........#
.#.####.#.##.#.#.#.#
.#...............#.###########***
##.####.#.#......#........#..,,,,
#..#.##.#.#..#........#*#.#.#**##
....#.#.............#.###†#.###..
#..###..........###.#....†††....#
#.#.#.#.#######.##.....##)#.##...


You could see Ijyb.

Vanquished Creatures
  A scorpion (D:3)
  6 adders
  An adder skeleton (D:3)
  4 worms
  An endoplasm (D:2)
  3 giant cockroaches
  3 goblins
  2 hobgoblins
  4 jackals (D:3)
  3 quokkas (D:2)
  7 ball pythons
  2 bats (D:2)
  2 frilled lizards (D:2)
  A kobold (D:2)
  2 rats (D:2)
42 creatures vanquished.

Notes
Turn   | Place    | Note
-------+----------+-------------------------------------------
     0 | D:1      | lonewolfV2 the Minotaur Fighter began the quest for the
                  | Orb.
     0 | D:1      | Reached XP level 1. HP: 19/19 MP: 0/0
     3 | D:1      | You fall into a shaft and drop 1 floor!
   321 | D:2      | Reached XP level 2. HP: 25/27 MP: 1/1
   329 | D:2      | HP: 1/27 [worm (1)]
   625 | D:2      | Reached XP level 3. HP: 30/33 MP: 2/2
  1092 | D:2      | Reached XP level 4. HP: 37/40 MP: 3/3
  1303 | D:3      | Found a transporter.
  1303 | D:3      | Noticed an ice beast
  1308 | D:3      | Found a transporter.
  1309 | D:3      | Noticed a sky beast
  1314 | D:3      | Noticed an ogre
  1314 | D:3      | Noticed a sky beast
  1317 | D:3      | Found a snail-covered altar of Cheibriados.
  1347 | D:3      | Reached skill level 1 in Dodging
  1576 | D:3      | Noticed Ijyb
  1576 | D:3      | Noticed a scorpion
  1582 | D:3      | Killed a scorpion
  1583 | D:3      | Reached XP level 5. HP: 12/46 MP: 4/4
  1592 | D:3      | Slain by Ijyb

Illustrated notes

Levels and vault maps discovered:
D:1:      roderic_crossed_star, layout_rooms,
          shapermc_ecumenical_altar_flowoftime
D:2:      layout_loops_cross
D:3:      layout_loops_cross, gammafunk_temple_overflow_arena, st_stairs_8,
          uniq_ijyb

Skill      XL: |  1  2  3  4 |
---------------+-------------+-----
Armour         | 4 |  4.9
Shields        | 4 |  4.4
Fighting       | 4 |  4.3
Axes           | 3 4 |  4.2
Dodging        | 1 |  1.2

Action                   |  1- 3 |  4- 6 || total
-------------------------+-------+-------++-------
Melee: War axe           |    72 |    34 ||   106
       Headbutt          |     7 |     7 ||    14
  Use: Scroll            |       |     5 ||     5
       Potion            |       |     2 ||     2
Armor: Scale mail        |    40 |    22 ||    62
Dodge: Dodged            |    40 |    20 ||    60
Block: Buckler           |    19 |    17 ||    36

Table legend: (Time is in decaauts)
 A = Elapsed time spent in this place.
 B = Non-inter-level travel time spent in this place.
 C = Inter-level travel time spent in this place.
 D = Time resting spent in this place.
 E = Time spent auto-exploring this place.
 F = Levels seen in this place.
 G = Mean time per level.
                   A        B        C        D        E       F      G
               +--------+--------+--------+--------+--------+-----+--------+
         Total |   1632 |   1623 |      9 |      0 |   1256 |   3 |  544.0 |
       Dungeon |   1632 |   1623 |      9 |      0 |   1256 |   3 |  544.0 |
               +--------+--------+--------+--------+--------+-----+--------+

Top non-repeatable levels by time:
     D:2: 1261 daAuts
     D:3: 367 daAuts
     D:1: 3 daAuts
